[Event "56th Rubinstein Memorial A 2020"]
[Site "Polanica Zdroj"]
[Date "2020.08.23"]
[Round "9.7"]
[White "Antoniewicz, Jakub"]
[Black "Jedynak, January"]
[Result "1-0"]
[ECO "D02"]
[WhiteElo "1806"]
[BlackElo "1887"]
[Annotator "NA"]
[PlyCount "113"]
[EventDate "2020.08.15"]
[EventType "swiss"]
[EventCountry "POL"]
[SourceTitle "playchess.com"]
[Source "ChessBase"]
[SourceQuality "1"]
[TimeControl "40/5400+30:1800+30"]

1. d4 d5 2. Nf3 e6 3. g3 c6 4. Bg2 f5 5. O-O Nf6 6. c4 Bd6 7. b3 Qe7 8. Bb2 Nbd7 9. Qc1 {[%emt 0:02:20] A90: Dutch Defence: Miscellaneous and Modern Stonewall (with ...Bd6).} O-O 10. Ba3 c5 (10... Ne4 $11) 11. Nc3 {[%emt 0:15:21] [#]} a6 $146 (11... b6 $14) ({Predecessor:} 11... cxd4 12. Bxd6 Qxd6 13. Nb5 Qb6 14. Nbxd4 Ne4 15. b4 e5 16. c5 Qxb4 17. Ne6 Rf6 {½-½ (87) Poobalasingam,P (2068)-Shaw,D (2201) Sunningdale 2006}) 12. cxd5 exd5 {[%emt 0:01:43] [#]} (12... cxd4 $16 13. Bxd6 Qxd6) 13. dxc5 (13. Nh4 $1 $18) 13... Nxc5 14. Rd1 (14. Qd2 $14) 14... Be6 {[%emt 0:03:51] [#]} (14... Nce4 $11 15. Bxd6 Qxd6) 15. Ng5 $1 Rac8 16. Qd2 Nfe4 17. Ngxe4 Nxe4 18. Bxd6 Qxd6 19. Nxe4 fxe4 20. Bxe4 Qc5 21. Bf3 Rcd8 $18 22. Qd4 Qe7 23. Rac1 Rd7 24. Rc5 Rfd8 25. Rdc1 Qf7 26. Rc8 Qe8 27. R8c7 Qe7 28. Qc5 Rxc7 29. Qxc7 Rd7 30. Qb8+ Rd8 31. Rc7 Qf6 32. Qxb7 Bh3 33. Rc1 Qb2 34. Qc7 Rd7 35. Qc2 Qa3 36. Bg2 Bf5 37. Qd2 Qd6 38. e3 d4 39. Qxd4 Qa3 40. Qc4+ Kf8 41. e4 Be6 42. Qc2 Rd8 43. Qb1 Rd2 44. Rc2 Rd4 45. h4 Qd6 46. Qb2 Rd1+ 47. Kh2 Rd3 48. Qc1 Qd4 49. Qf4+ Ke7 50. Bh3 Bxh3 51. Kxh3 Rd1 52. Qg5+ Ke6 53. Qf5+ Kd6 54. Qf8+ Kd7 55. Qc8+ Ke7 56. Rc7+ Kf6 57. Qf5# 1-0

[Event "56th Rubinstein Memorial A 2020"]
[Site "Polanica Zdroj"]
[Date "2020.08.23"]
[Round "9.8"]
[White "Poltorak, Sebastian"]
[Black "Sernecki, Franciszek"]
[Result "1/2-1/2"]
[ECO "E33"]
[WhiteElo "1974"]
[BlackElo "2243"]
[Annotator "ChessBase"]
[PlyCount "96"]
[EventDate "2020.08.15"]
[EventType "swiss"]
[EventCountry "POL"]
[SourceTitle "playchess.com"]
[Source "ChessBase"]
[SourceQuality "1"]
[TimeControl "40/5400+30:1800+30"]

1. d4 Nf6 2. c4 e6 3. Nc3 Bb4 4. Qc2 Nc6 5. Nf3 d6 6. a3 Bxc3+ 7. Qxc3 O-O 8. b4 e5 9. dxe5 Nxe5 10. Nxe5 dxe5 11. Bb2 Re8 12. Rd1 Qe7 13. e3 Bd7 14. Be2 Ba4 15. Rd3 a5 16. O-O Ra6 17. b5 Raa8 18. Bd1 Ne4 19. Qc1 Bxd1 20. Rfxd1 Nc5 21. Rd5 f6 22. a4 c6 23. bxc6 bxc6 24. Rd6 Rad8 25. Rxd8 Rxd8 26. Ba3 Rxd1+ 27. Qxd1 Qd7 28. Qc2 Qd3 29. Qxd3 Nxd3 30. e4 Kf7 31. Kf1 Ke6 32. g3 Nb4 33. Bxb4 axb4 34. Ke2 c5 35. g4 Kd6 36. Kd2 Kc6 37. Kc2 Kb6 38. Kb2 Ka6 39. Ka2 Kb7 40. Kb2 Kb6 41. Ka2 Ka5 42. Kb3 g6 43. h4 h6 44. h5 g5 45. f3 Ka6 46. Kb2 Kb6 47. Ka2 Ka5 48. Kb3 Ka6 1/2-1/2

[Event "56th Rubinstein Memorial A 2020"]
[Site "Polanica Zdroj"]
[Date "2020.08.23"]
[Round "9.9"]
[White "Bronowicki, Mateusz"]
[Black "Praczukowski, Stanislaw"]
[Result "1/2-1/2"]
[ECO "A45"]
[WhiteElo "2275"]
[BlackElo "2132"]
[Annotator "ChessBase"]
[PlyCount "37"]
[EventDate "2020.08.15"]
[EventType "swiss"]
[EventCountry "POL"]
[SourceTitle "playchess.com"]
[Source "ChessBase"]
[SourceQuality "1"]
[TimeControl "40/5400+30:1800+30"]

1. d4 Nf6 2. Bg5 c5 3. d5 Ne4 4. h4 Qa5+ 5. c3 d6 6. Nd2 Nxd2 7. Qxd2 e5 8. e4 h6 9. Be3 Be7 10. a4 Qd8 11. g3 O-O 12. Bd3 Na6 13. b4 b6 14. g4 cxb4 15. cxb4 Nb8 16. g5 h5 17. Ne2 a5 18. f4 exf4 19. Bxf4 1/2-1/2

[Event "56th Rubinstein Memorial A 2020"]
[Site "Polanica Zdroj"]
[Date "2020.08.23"]
[Round "9.10"]
[White "Kowalczyk, Rafal"]
[Black "Golecki, Jan"]
[Result "1-0"]
[ECO "D36"]
[WhiteElo "2268"]
[BlackElo "2106"]
[Annotator "ChessBase"]
[PlyCount "62"]
[EventDate "2020.08.15"]
[EventType "swiss"]
[EventCountry "POL"]
[SourceTitle "playchess.com"]
[Source "ChessBase"]
[SourceQuality "1"]
[TimeControl "40/5400+30:1800+30"]

1. d4 d5 2. c4 e6 3. Nc3 Nf6 4. cxd5 exd5 5. Bg5 c6 6. Qc2 Be6 7. e3 Bd6 8. Bd3 h6 9. Bh4 Nbd7 10. Nge2 Qc7 11. Bg3 a6 12. a4 Nh5 13. Bxd6 Qxd6 14. a5 O-O 15. O-O f5 16. Rae1 g6 17. f3 Qb4 18. g4 Ng7 19. Nf4 Bf7 20. gxf5 g5 21. Nfe2 Qxa5 22. h4 Rae8 23. hxg5 hxg5 24. Kf2 c5 25. Qd2 Qb6 26. Rh1 Qf6 27. Reg1 Bh5 28. Nxd5 Qd8 29. e4 cxd4 30. Rxg5 Bxf3 31. Rxg7+ Kxg7 1-0

[Event "56th Rubinstein Memorial A 2020"]
[Site "Polanica Zdroj"]
[Date "2020.08.23"]
[Round "9.11"]
[White "Rog, Bartlomiej"]
[Black "Chomczyk, Marek"]
[Result "1-0"]
[ECO "C00"]
[WhiteElo "1866"]
[BlackElo "2221"]
[Annotator "ChessBase"]
[PlyCount "115"]
[EventDate "2020.08.15"]
[EventType "swiss"]
[EventCountry "POL"]
[SourceTitle "playchess.com"]
[Source "ChessBase"]
[SourceQuality "1"]
[TimeControl "40/5400+30:1800+30"]

1. e4 e6 2. d3 d5 3. Nd2 c5 4. Ngf3 Nc6 5. g3 g6 6. Bg2 Bg7 7. O-O Nge7 8. Re1 O-O 9. e5 f6 10. exf6 Bxf6 11. c4 Nf5 12. Nb3 b6 13. Rb1 a5 14. a4 Ra7 15. Bf4 Raf7 16. Ne5 Nxe5 17. Bxe5 Bxe5 18. Rxe5 dxc4 19. dxc4 Ba6 20. Qxd8 Rxd8 21. Rxe6 Bxc4 22. Rxb6 Bxb3 23. Rxb3 Rd2 24. Rb7 Nd4 25. Rxf7 Kxf7 26. Kf1 Ke6 27. Ke1 Rc2 28. Kf1 Kd6 29. Be4 Rd2 30. h4 c4 31. h5 gxh5 32. Bxh7 Kc5 33. Bg6 Kb4 34. Bxh5 Kxa4 35. Bd1+ Kb4 36. Ke1 Rd3 37. Rc1 Ne6 38. Be2 Rd4 39. Rc3 Nc5 40. f4 Ne4 41. Rf3 a4 42. f5 Nf6 43. Bd1 Rd8 44. Ra3 Re8+ 45. Kf1 Re5 46. Rxa4+ Kb5 47. Bc2 Nd5 48. Ra3 Ne3+ 49. Rxe3 Rxe3 50. Kf2 Re8 51. g4 Kc5 52. f6 Kd6 53. g5 Re5 54. g6 Re6 55. g7 Rxf6+ 56. Kg2 c3 57. bxc3 Rg6+ 58. Bxg6 1-0

[Event "56th Rubinstein Memorial A 2020"]
[Site "Polanica Zdroj"]
[Date "2020.08.23"]
[Round "9.12"]
[White "Jachym, Adam"]
[Black "Fiedorek, Michal"]
[Result "0-1"]
[ECO "E67"]
[WhiteElo "2042"]
[BlackElo "2212"]
[Annotator "ChessBase"]
[PlyCount "96"]
[EventDate "2020.08.15"]
[EventType "swiss"]
[EventCountry "POL"]
[SourceTitle "playchess.com"]
[Source "ChessBase"]
[SourceQuality "1"]
[TimeControl "40/5400+30:1800+30"]

1. d4 Nf6 2. Nf3 g6 3. g3 Bg7 4. Bg2 O-O 5. O-O d6 6. c4 Nbd7 7. Nc3 e5 8. dxe5 dxe5 9. Qc2 Qe7 10. b3 a5 11. e4 c6 12. a4 Nc5 13. Ba3 Re8 14. b4 axb4 15. Bxb4 Bf8 16. Rfd1 Bg4 17. Rab1 Qc7 18. h3 Bxf3 19. Bxf3 Ne6 20. Bxf8 Rxf8 21. Bg2 Nd7 22. h4 h5 23. Kh2 Ndc5 24. Ra1 Rfd8 25. Rxd8+ Rxd8 26. Rd1 Nd4 27. Qc1 Nde6 28. Rxd8+ Qxd8 29. Qe3 Qd4 30. Bf1 Qxe3 31. fxe3 Kf8 32. Kh3 Nb3 33. g4 hxg4+ 34. Kxg4 Nd2 35. Be2 Nc5 36. h5 gxh5+ 37. Kf5 h4 38. Kxe5 h3 39. Nd1 Ncxe4 40. Bf3 Nc3 41. Bg4 Nxd1 42. Bxh3 Nxc4+ 43. Kd4 Ndxe3 44. a5 Ke7 45. Bc8 Kd6 46. a6 bxa6 47. Bxa6 c5+ 48. Ke4 f5+ 0-1

[Event "56th Rubinstein Memorial A 2020"]
[Site "Polanica Zdroj"]
[Date "2020.08.23"]
[Round "9.13"]
[White "Jaskolka, Tomasz"]
[Black "Kazmierowski, Tymon"]
[Result "1-0"]
[ECO "A46"]
[WhiteElo "2196"]
[BlackElo "1844"]
[Annotator "NA"]
[PlyCount "95"]
[EventDate "2020.08.15"]
[EventType "swiss"]
[EventCountry "POL"]
[SourceTitle "playchess.com"]
[Source "ChessBase"]
[SourceQuality "1"]
[TimeControl "40/5400+30:1800+30"]

1. d4 Nf6 2. e3 e6 3. Nf3 b6 4. Bd3 d5 5. O-O Bd6 6. b3 O-O 7. Bb2 Bb7 8. Ne5 c5 9. Nd2 Nc6 10. a3 Ne7 11. Qf3 Qc7 12. Qh3 g6 {[%emt 0:05:59] [#]} (12... Ne4 $11) 13. Ndf3 (13. Nef3 $1 $16 cxd4 14. Nxd4) 13... cxd4 14. Bxd4 Nf5 15. Bb2 d4 (15... Ne4 $5 16. g4 f6 17. gxf5 exf5 $11) 16. exd4 $11 (16. Bxf5 $5 exf5 17. Nc4 $14) 16... Nh5 $1 17. Qg4 Nf6 18. Qg5 h6 19. Qd2 Kh7 20. Rfe1 Rad8 21. Qf4 Nh5 22. Qg4 Nf6 23. Qf4 Nh5 24. Qg4 Nf6 25. Qh3 Nh5 26. Bc1 Bxf3 27. Nxf3 Bf4 28. g4 Bxc1 29. gxf5 Nf4 30. fxg6+ fxg6 31. Ng5+ Kg8 32. Qxh6 Nh3+ 33. Qxh3 Bxg5 34. Qxe6+ Qf7 35. Bc4 Qxe6 36. Bxe6+ Kg7 37. d5 Bd2 38. Re2 Bc3 39. Rd1 Rf6 40. Rd3 Bb2 41. b4 Bc1 42. c4 Bg5 43. c5 bxc5 44. bxc5 Bh4 45. c6 Bxf2+ 46. Rxf2 Rxe6 47. dxe6 Rxd3 48. c7 1-0

[Event "56th Rubinstein Memorial A 2020"]
[Site "Polanica Zdroj"]
[Date "2020.08.23"]
[Round "9.14"]
[White "Wisniewski, Michal"]
[Black "Vanduyfhuys, Daria"]
[Result "1-0"]
[ECO "A00"]
[WhiteElo "2127"]
[BlackElo "1985"]
[Annotator "NA"]
[PlyCount "53"]
[EventDate "2020.08.15"]
[EventType "swiss"]
[EventCountry "POL"]
[SourceTitle "playchess.com"]
[Source "ChessBase"]
[SourceQuality "1"]
[TimeControl "40/5400+30:1800+30"]

1. g4 d5 2. Bg2 h6 3. h3 Nf6 4. e3 c5 5. b3 g6 6. Bb2 Bg7 7. d3 Nc6 8. Ne2 O-O 9. Nd2 Re8 10. O-O Qd6 11. Ng3 b6 12. f4 {[%emt 0:06:27] [#]} (12. c4 $11 {remains equal.}) 12... Bb7 (12... Nxg4 $1 $17 13. Bxg7 Nxe3 {[%mdl 64] Double Attack}) 13. Qf3 Nb4 14. g5 Ne4 $16 15. dxe4 Bxb2 16. e5 Qc7 17. e6 Bxa1 18. exf7+ Kxf7 19. f5 Kg8 20. gxh6 Be5 21. fxg6 Rf8 22. h7+ Kg7 23. h8=Q+ Rxh8 24. Qf7+ Kh6 25. Nf5+ Kg5 26. Nf3+ Kh5 27. g7# 1-0

[Event "56th Rubinstein Memorial A 2020"]
[Site "Polanica Zdroj"]
[Date "2020.08.23"]
[Round "9.15"]
[White "Czarniecka, Aleksandra"]
[Black "Balinski, Damian"]
[Result "0-1"]
[ECO "B09"]
[WhiteElo "2043"]
[BlackElo "2136"]
[Annotator "NA"]
[PlyCount "64"]
[EventDate "2020.08.15"]
[EventType "swiss"]
[EventCountry "POL"]
[SourceTitle "playchess.com"]
[Source "ChessBase"]
[SourceQuality "1"]
[TimeControl "40/5400+30:1800+30"]

1. e4 d6 2. d4 Nf6 3. Nc3 g6 4. f4 Bg7 5. Nf3 O-O 6. Bd3 Nc6 7. e5 dxe5 8. fxe5 Nh5 9. Be3 f6 {[%emt 0:00:20] B09: Pirc Defence: Austrian Attack.} 10. exf6 Nxf6 {[%emt 0:00:05] was the old line (10...exf6).} 11. Qe2 Ng4 12. O-O-O Nxe3 13. Qxe3 Bg4 {[%emt 0:00:39] [#]} 14. Be2 $146 ({Predecessor:} 14. Bc4+ Kh8 15. Ng5 Bxd1 16. Rxd1 Qd6 17. Nf7+ Rxf7 18. Bxf7 Rf8 19. Bb3 Nxd4 20. Kb1 {0-1 (20) Aguas Sanmartin,M (2295)-Beliavsky,A (2659) Villarrobledo 2001}) 14... Bxf3 15. Bxf3 Nxd4 16. Bxb7 Rb8 $1 17. Bd5+ e6 18. Bxe6+ Kh8 19. Bb3 $1 Qf6 20. Rhe1 c5 21. Kb1 $19 (21. g3 $11) 21... Nb5 22. Kc1 c4 23. Bxc4 Nxc3 24. bxc3 Qc6 25. Bb3 Bxc3 26. Rf1 Bg7 27. Rf3 a5 28. Rdf1 Rxf3 29. Rxf3 Re8 30. Qf4 Qc5 31. Qc4 Qg1+ 32. Rf1 Re1+ 0-1

[Event "56th Rubinstein Memorial A 2020"]
[Site "Polanica Zdroj"]
[Date "2020.08.23"]
[Round "9.16"]
[White "Majocha, Piotr"]
[Black "Goraj, Barbara"]
[Result "1/2-1/2"]
[ECO "A15"]
[WhiteElo "1906"]
[BlackElo "2099"]
[Annotator "NA"]
[PlyCount "80"]
[EventDate "2020.08.15"]
[EventType "swiss"]
[EventCountry "POL"]
[SourceTitle "playchess.com"]
[Source "ChessBase"]
[SourceQuality "1"]
[TimeControl "40/5400+30:1800+30"]

1. c4 Nf6 2. Nf3 g6 3. Nc3 Bg7 4. d4 O-O 5. e4 d6 6. h3 e5 7. d5 a5 8. g4 Na6 9. Be3 Nc5 10. Nd2 c6 11. Be2 a4 {[%emt 0:00:46] E92: King's Indian: Classical: 6 Be2 e5: 7 dxe5, 7 Be3 and Petrosian System without 7...Nbd7.} 12. b4 axb3 $1 13. axb3 Rxa1 14. Qxa1 {[%emt 0:00:04] [#]} Ne8 $146 ({Predecessor:} 14... Na6 $11 15. Qa3 c5 16. Nf1 Kh8 17. Ng3 Ng8 18. g5 f5 19. exf5 gxf5 20. Bd2 Nb4 {1-0 (46) Parligras,M (2596)-Mazur,S (2427) Konya 2016}) 15. b4 Nd7 16. Qb1 ({White should play} 16. Qa5 $16 Qxa5 17. bxa5) 16... f5 17. gxf5 gxf5 18. exf5 e4 ({Black should try} 18... Ndf6 $14) 19. Ndxe4 (19. Ncxe4 $142 cxd5 20. cxd5) 19... Ne5 20. Ng3 Nxc4 $14 21. Bxc4 Bxc3+ 22. Kf1 Kh8 23. Qd3 Be5 24. Rg1 Qh4 25. f4 Bg7 26. Kg2 Nf6 27. dxc6 bxc6 28. Be6 Bb7 29. Qe2 Bh6 30. Qf3 Rb8 31. Kh2 c5 32. Qd1 Bc6 33. Ne2 Qh5 34. Nc3 Qxd1 35. Rxd1 Bf8 36. bxc5 dxc5 37. Rb1 Rxb1 38. Nxb1 Ne4 39. Nd2 Nxd2 40. Bxd2 Bg7 1/2-1/2

[Event "56th Rubinstein Memorial A 2020"]
[Site "Polanica Zdroj"]
[Date "2020.08.23"]
[Round "9.17"]
[White "Hetzer, Volkhard"]
[Black "Hasterok, Mateusz"]
[Result "1/2-1/2"]
[ECO "A80"]
[WhiteElo "1911"]
[BlackElo "2056"]
[Annotator "NA"]
[PlyCount "52"]
[EventDate "2020.08.15"]
[EventType "swiss"]
[EventCountry "POL"]
[SourceTitle "playchess.com"]
[Source "ChessBase"]
[SourceQuality "1"]
[TimeControl "40/5400+30:1800+30"]

1. d4 f5 2. Bg5 g6 3. Nc3 d5 4. e3 Bg7 5. Qd2 Nf6 6. Nf3 ({White should try} 6. h4 $14) 6... c6 7. Ne5 Nbd7 8. f4 Qc7 9. Be2 b5 10. a3 a5 11. O-O O-O $11 12. Bf3 Nxe5 13. dxe5 Ne4 14. Bxe4 dxe4 15. Nd5 cxd5 16. Qxd5+ Be6 17. Qxe6+ Rf7 18. c3 Qc5 19. Kf2 h6 20. Bh4 g5 21. Bg3 Qc4 22. Qxc4 bxc4 23. Rfd1 e6 24. Rd2 Bf8 25. Rad1 Rb8 26. Rc2 Rfb7 1/2-1/2

[Event "56th Rubinstein Memorial A 2020"]
[Site "Polanica Zdroj"]
[Date "2020.08.23"]
[Round "9.18"]
[White "Hertlein, Irena"]
[Black "Kasperek, Ryszard"]
[Result "0-1"]
[ECO "B06"]
[WhiteElo "1905"]
[BlackElo "2202"]
[Annotator "ChessBase"]
[PlyCount "64"]
[EventDate "2020.08.15"]
[EventType "swiss"]
[EventCountry "POL"]
[SourceTitle "playchess.com"]
[Source "ChessBase"]
[SourceQuality "1"]
[TimeControl "40/5400+30:1800+30"]

1. e4 g6 2. d4 Bg7 3. g3 d5 4. e5 c5 5. c3 Nc6 6. Bg2 Nh6 7. Ne2 Bg4 8. f3 Bf5 9. f4 cxd4 10. Nxd4 e6 11. O-O Qb6 12. Qb3 Nxd4 13. Qxb6 axb6 14. cxd4 Bxb1 15. Rxb1 Nf5 16. Rd1 Rxa2 17. g4 Ne7 18. Bd2 Kd7 19. Bb4 Nc6 20. Ba3 Bf8 21. Bf1 h5 22. g5 Bxa3 23. bxa3 Kc7 24. Rb3 Ra8 25. Rdd3 Ra4 26. Rbc3 Kb8 27. Rb3 Nxd4 28. Rxb6 R2xa3 29. Rd1 Ra2 30. Bg2 Ne2+ 31. Kh1 Ra1 32. Rdb1 Rxb1+ 0-1

[Event "56th Rubinstein Memorial A 2020"]
[Site "Polanica Zdroj"]
[Date "2020.08.23"]
[Round "9.19"]
[White "Rogacewicz, Mikolaj"]
[Black "Stachecki, Mikolaj"]
[Result "1/2-1/2"]
[ECO "D12"]
[WhiteElo "1970"]
[BlackElo "1806"]
[Annotator "ChessBase"]
[PlyCount "126"]
[EventDate "2020.08.15"]
[EventType "swiss"]
[EventCountry "POL"]
[SourceTitle "playchess.com"]
[Source "ChessBase"]
[SourceQuality "1"]
[TimeControl "40/5400+30:1800+30"]

1. d4 d5 2. c4 c6 3. Nf3 Nf6 4. e3 Bf5 5. Nc3 e6 6. Nh4 Be4 7. f3 Bg6 8. Qb3 Qc7 9. Bd2 Be7 10. Rc1 Nbd7 11. g3 dxc4 12. Bxc4 a6 13. O-O b5 14. Be2 Qb6 15. Nxg6 hxg6 16. f4 c5 17. Bf3 Rb8 18. Ne2 O-O 19. Kh1 Rfc8 20. g4 c4 21. Qd1 b4 22. Qe1 Qa5 23. g5 Nd5 24. a3 c3 25. bxc3 bxc3 26. Nxc3 Nxc3 27. Bxc3 Qxa3 28. Be4 a5 29. Rf2 Bb4 30. Rfc2 Bxc3 31. Rxc3 Rxc3 32. Rxc3 Qb4 33. Kg2 Nc5 34. dxc5 Qxe4+ 35. Kg3 Rb2 36. Qf1 Rb1 37. Qg2 Qxg2+ 38. Kxg2 f5 39. gxf6 gxf6 40. e4 a4 41. c6 Rb8 42. Kf3 Rc8 43. e5 Kf7 44. Kg4 Ra8 45. Rd3 Ra7 46. h4 a3 47. c7 Rxc7 48. Rxa3 Rd7 49. Ra8 Rc7 50. Rh8 Kg7 51. Rd8 Rb7 52. Kf3 Rb3+ 53. Ke4 f5+ 54. Kd4 Rh3 55. Kc5 Rxh4 56. Kd6 Rxf4 57. Kxe6 Ra4 58. Rd7+ Kg8 59. Kf6 f4 60. e6 f3 61. Kxg6 Rg4+ 62. Kh5 f2 63. Rf7 Re4 1/2-1/2

[Event "56th Rubinstein Memorial A 2020"]
[Site "Polanica Zdroj"]
[Date "2020.08.23"]
[Round "9.20"]
[White "Turski, Bartlomiej"]
[Black "Bojczewski, Mateusz"]
[Result "0-1"]
[ECO "B13"]
[WhiteElo "1985"]
[BlackElo "1886"]
[Annotator "NA"]
[PlyCount "70"]
[EventDate "2020.08.15"]
[EventType "swiss"]
[EventCountry "POL"]
[SourceTitle "playchess.com"]
[Source "ChessBase"]
[SourceQuality "1"]
[TimeControl "40/5400+30:1800+30"]

1. e4 c6 2. d4 d5 3. exd5 cxd5 4. Bd3 Nc6 5. c3 g6 6. h3 Nh6 {[%emt 0:08:43] B13: Caro-Kann: Exchange Variation and Panov-Botvinnik Attack.} 7. Nf3 Bf5 8. Be2 Bg7 9. O-O O-O {[%emt 0:01:34] [#]} 10. Be3 $146 ({Predecessor:} 10. Bf4 Bxb1 11. Rxb1 Nf5 12. Bd3 e6 13. Re1 Nd6 14. Qe2 Rc8 15. Rbc1 Re8 16. h4 {½-½ (52) Longson,S (2123)-Head,L (2161) Solihull 2018}) 10... f6 11. Nbd2 e5 12. dxe5 fxe5 13. Nb3 b6 (13... Nf7 $11 {remains equal.}) 14. Qd2 ({White should try} 14. Bb5 $16 Qd6 15. Bxc6 Qxc6 {[#]} 16. Nxe5 $1 ) 14... Nf7 15. Rad1 Be6 16. Ng5 Nxg5 17. Bxg5 Bf6 18. Bxf6 Qxf6 19. Bb5 Ne7 20. Rfe1 g5 21. Qe3 Ng6 $11 22. Nd4 Bc8 23. Nf3 e4 24. Nd4 Ne5 25. Bf1 g4 26. Qg3 Kh8 27. h4 Rg8 28. Kh1 Rg6 29. Nb5 Bb7 30. c4 Rh6 31. Rxd5 Bxd5 32. cxd5 Rxh4+ 33. Kg1 Rg8 34. d6 Nf3+ 35. gxf3 gxf3 0-1